AoeStats
← Abetterhandle

African Clearing

504440224Analyzed
4v4 RM · 28d ago on Sep 5, 2026· 57m 26s· 8 players
Game mode
Random Map
Map size
Large (8 player)
Population
200
Speed
Normal
Resources
Standard
Victory
Conquest
Starting age
Dark Age
Ending age
Imperial Age
RankedLock teamsTeams togetherTeam positionsShared explorationLock speedFull tech treeHidden civsTurbo modeCheats
Victory
Defeat
🇨🇳 Britons · China
1018
+14
🇨🇳 Lithuanians · China
994
+15
🇨🇳 Bohemians · China
994
+15
🇨🇳 Huns · China
960
+18
🇩🇪 Franks · Germany
1025
-17
🇲🇹 Japanese · Malta
990
-16
🇳🇿 Malians · New Zealand
959
-15
🇹🇼 Burgundians · Taiwan
952
-14
终似少年游
17:33 Feudal Age
18:41 Double-Bit Axe
18:39 Horse Collar
22:25 Castle Age
25:10 Bloodlines
25:01 Husbandry
25:33 Light Cavalry
30:09 Wheelbarrow
30:39 Bow Saw
32:40 Hand Cart
33:54 Heavy Plow
35:28 Scale Mail Armor
35:34 Scale Barding Armor
40:11 Imperial Age
39:01 Stone Mining
39:01 Gold Mining
41:18 Thumb Ring
41:43 Ballistics
41:34 Masonry
41:19 Murder Holes
41:57 Conscription
42:07 Chain Barding Armor
42:02 Chain Mail Armor
41:58 Forging
41:39 Fletching
41:49 Padded Archer Armor
42:26 Cavalier
42:29 Hussar
44:11 Parthian Tactics
43:08 Heavy Cavalry Archer
43:51 Paladin
45:17 Iron Casting
45:21 Plate Barding Armor
46:56 Gold Shaft Mining
47:31 Two-Man Saw
46:57 Leather Archer Armor
46:38 Bodkin Arrow
47:46 Blast Furnace
48:13 Chemistry
49:35 Bracer
2026
5:02 Loom
13:58 Feudal Age
19:57 Castle Age
27:31 Town Watch
30:53 Fervor
30:37 Horse Collar
43:51 Imperial Age
44:05 Bloodlines
46:23 Ballistics
46:43 Murder Holes
48:09 Pikeman
48:41 Fletching
48:51 Halberdier
52:02 Bodkin Arrow
53:36 Forging
53:26 Scale Mail Armor
阿西吧
4:58 Loom
14:05 Feudal Age
18:34 Castle Age
16:35 Double-Bit Axe
17:17 Gold Mining
18:39 Fletching
23:10 Crossbowman
24:24 Bodkin Arrow
26:13 Horse Collar
29:24 Ballistics
34:07 Heavy Plow
35:35 Bow Saw
35:30 Padded Archer Armor
36:01 Yeomen
39:11 Imperial Age
36:44 Treadmill Crane
38:35 Wheelbarrow
37:48 Town Watch
38:31 Leather Archer Armor
37:40 Pikeman
38:21 Squires
38:49 Stone Mining
39:41 Gold Shaft Mining
39:25 Fortified Wall
39:24 Scale Mail Armor
41:52 Chemistry
40:55 Bracer
41:11 Chain Mail Armor
41:12 Warwolf
41:48 Arbalester
43:24 Hand Cart
44:49 Plate Mail Armor
46:44 Ring Archer Armor
46:09 Halberdier
47:31 Forging
48:28 Conscription
48:26 Murder Holes
48:42 Masonry
50:13 Hoardings
50:48 Two-Man Saw
51:06 Siege Engineers
52:29 Iron Casting
51:42 Arson
56:08 Coinage
56:41 Blast Furnace
55:30 Elite Longbowman
NORINCO
5:40 Loom
17:18 Feudal Age
17:52 Horse Collar
26:24 Town Watch
28:21 Double-Bit Axe
29:19 Man-at-Arms
32:26 Wheelbarrow
39:22 Castle Age
45:50 Imperial Age
44:55 Hand Cart
45:04 Treadmill Crane
45:37 Pikeman
46:17 Squires
46:28 Murder Holes
46:29 Fletching
51:26 Bow Saw
51:20 Heavy Plow
53:04 Town Patrol
53:26 Scale Mail Armor
53:36 Forging
56:40 Two-Man Saw
55:57 Halberdier
57:04 Chain Mail Armor
57:25 Iron Casting
56:45 Bodkin Arrow
57:23 Guilds
57:51 Ballistics
唉呦我的媽
17:27 Feudal Age
16:38 Horse Collar
17:36 Man-at-Arms
18:28 Heavy Plow
25:15 Castle Age
25:56 Town Watch
27:12 Wheelbarrow
27:44 Town Patrol
28:07 Treadmill Crane
33:07 Crop Rotation
32:47 Double-Bit Axe
34:26 Bow Saw
35:10 Hand Cart
36:46 Two-Man Saw
41:25 Gold Mining
41:33 Stone Mining
42:19 Forging
42:17 Scale Barding Armor
42:19 Husbandry
41:42 Cavalier
45:45 Imperial Age
44:00 Gold Shaft Mining
44:09 Stone Shaft Mining
44:58 Chain Barding Armor
45:16 Iron Casting
47:00 Conscription
46:46 Burgundian Vineyards
46:29 Paladin
48:12 Blast Furnace
47:50 Plate Barding Armor
47:27 Light Cavalry
49:05 Caravan
DichterAnwal
14:07 Feudal Age
20:50 Castle Age
19:37 Stone Mining
19:39 Double-Bit Axe
21:13 Wheelbarrow
22:00 Scale Barding Armor
24:53 Bow Saw
26:24 Husbandry
28:19 Gold Mining
33:39 Gold Shaft Mining
37:21 Imperial Age
37:26 Cavalier
37:28 Light Cavalry
38:34 Hand Cart
42:27 Murder Holes
42:53 Ballistics
43:34 Chemistry
42:47 Paladin
46:18 Chain Barding Armor
45:59 Scale Mail Armor
46:09 Forging
45:50 Fletching
46:00 Padded Archer Armor
49:03 Plate Barding Armor
48:43 Chain Mail Armor
51:10 Elite Skirmisher
51:19 Pikeman
51:59 Squires
51:44 Arson
52:15 Halberdier
54:23 Iron Casting
53:44 Bodkin Arrow
54:04 Leather Archer Armor
liviescu
8:06 Loom
17:19 Feudal Age
19:40 Town Watch
24:39 Wheelbarrow
25:05 Double-Bit Axe
31:03 Horse Collar
36:02 Fletching
36:21 Scale Mail Armor
38:37 Castle Age
43:54 Stone Mining
45:18 Bow Saw
49:00 Treadmill Crane
50:12 Squires
49:32 Pikeman
49:58 Arson
54:31 Imperial Age
52:39 Town Patrol
52:46 Murder Holes
54:07 Hand Cart
54:50 Ballistics
54:50 Forging
55:45 Conscription
55:08 Elite Skirmisher
55:12 Halberdier
58:39 Chemistry
Abetterhandle
3:54 Loom
13:26 Feudal Age
14:07 Double-Bit Axe
19:43 Castle Age
17:45 Stone Mining
19:23 Forging
28:06 Gold Mining
28:24 Fletching
34:10 Elite Skirmisher
34:56 Padded Archer Armor
35:01 Bodkin Arrow
37:13 Padded Archer Armor
43:20 Imperial Age
48:44 Iron Casting
49:19 Wheelbarrow
49:08 Husbandry
49:52 Bloodlines
51:03 Cavalier
54:24 Scale Barding Armor
Connection lost

Rejoining the realm…

Still unreachable

The connection could not be restored.

Session expired

The server has moved on; the page needs a fresh start.